 Dungeon Crawl Stone Soup version 0.26.1-2-gb8aa6d0cf2 (webtiles) character file.

Game seed: 4490358519352792202

21254 hawla the Destroyer (level 12, -1/81 HPs)
             Began as a Green Draconian Conjurer on Feb 18, 2021.
             Was an Elder of Vehumet.
             Slain by a sphinx (12 damage)
             ... summoned by Kirke
             ... on level 14 of the Dungeon.
             The game lasted 00:53:12 (16274 turns).

hawla the Destroyer (Green Draconian Conjurer)     Turns: 16274, Time: 00:53:12

Health: -1/81      AC:  0    Str: 10    XL:     12   Next: 52%
Magic:  23/23      EV: 14    Int: 25    God:    Vehumet [****..]
Gold:   136        SH:  0    Dex: 12    Spells: 12/26 levels left

rFire    . . .     SeeInvis .   (weapon currently unavailable)
rCold    . . .     Faith    .   (shield currently unavailable)
rNeg     . . .     Spirit   .   (armour unavailable)
rPois    .         Reflect  .   (helmet currently unavailable)
rElec    .         Harm     .   (cloak currently unavailable)
rCorr    .         Rampage  .   (gloves currently unavailable)
Will     +....                  (boots currently unavailable)
Stlth    ++........             u - amulet of magic regeneration
HPRegen  0.23/turn              (ring currently unavailable)
MPRegen  0.43/turn              (ring currently unavailable)

@: mighty, pig-form, very quick
A: small, (breathe noxious fumes), unfitting armour, agile 1, clever 1,
strong-willed 1, AC +8
a: Renounce Religion


You were on level 14 of the Dungeon.
You worshipped Vehumet.
Vehumet was greatly pleased with you.
You were a filthy swine.
You visited 2 branches of the dungeon, and saw 16 of its levels.

You collected 752 gold pieces.
You spent 616 gold pieces at shops.

Inventory:

Hand Weapons
 a - a +1 hand axe of flaming
 n - a +5 dagger of flaming (melded)
 q - the +7 hunting sling of the Four Thickets {venom, rC+}
   (You found it on level 4 of the Dungeon)

   It poisons the ammo it fires.
   It protects you from cold.
Missiles
 h - 30 poisoned darts (quivered)
 l - 3 boomerangs
 w - 7 curare-tipped darts
Armour
 v - the +2 pair of gloves of Yddotzimm (melded) {rPois rCorr Dex+2}
   (You acquired it on level 9 of the Dungeon)

   It affects your dexterity (+2).
   It protects you from poison.
   It provides partial protection from all sources of acid and corrosion.
 y - a +2 buckler of protection (melded)
Jewellery
 g - an uncursed amulet of the acrobat
 j - an uncursed ring of stealth
 m - a +6 ring of dexterity
 u - an amulet of magic regeneration (around neck)
 C - a +6 ring of intelligence (melded)
 F - the ring "Fyriqan" (melded) {rPois EV+4 Stlth+}
   (You bought it in a shop on level 5 of the Dungeon)

   [ring of evasion]

   It affects your evasion (+4).
   It protects you from poison.
   It makes you more stealthy.
Wands
 o - a wand of polymorph (15)
 p - a wand of acid (2)
 z - a wand of paralysis (20)
 B - a wand of flame (21)
 E - a wand of digging (5)
Scrolls
 b - 9 scrolls of remove curse
 d - a scroll of enchant armour
 f - 5 scrolls of enchant weapon
 x - a scroll of amnesia
 A - 2 scrolls of identify
Potions
 r - a potion of haste
 s - a potion of might


   Skills:
 - Level 1.0 Throwing
 - Level 1.7 Dodging
 - Level 1.7 Stealth
 - Level 4.0 Shields
 + Level 7.5 Spellcasting
 + Level 13.3 Conjurations
 - Level 4.2 Necromancy
 - Level 3.2 Translocations
 - Level 1.9 Transmutations
 + Level 12.0 Fire Magic
 - Level 2.3 Poison Magic
 - Level 1.0 Evocations


You had 12 spell levels left.
You knew the following spells:

 Your Spells              Type           Power        Failure   Level
a - Magic Dart            Conj           100%         1%          1
b - Searing Ray           Conj           100%         1%          2
c - Iskenderun's Mystic   Conj/Tloc      50%          1%          4
d - Spider Form           Tmut/Pois      10%          8%          3
e - Dispel Undead         Necr           30%          11%         4

Your spell library contained the following spells:

 Spells                   Type           Power        Failure   Level
 Conjure Flame            Conj/Fire      64%          1%          3
 Sublimation of Blood     Necr           15%          1%          2
 Dazzling Flash           Conj/Hex       84%          1%          3
 Fulminant Prism          Conj/Hex       21%          1%          4
 Beastly Appendage        Tmut           38%          2%          1
 Corpse Rot               Necr/Air       N/A          4%          2
 Wereblood                Tmut           19%          4%          2
 Corona                   Hex            10%          6%          1
 Ensorcelled Hibernation  Hex/Ice        18%          10%         2
 Confusing Touch          Hex            9%           19%         3
 Tukima's Dance           Hex            9%           19%         3
 Agony                    Necr           30%          30%         5
 Excruciating Wounds      Necr           15%          30%         5
 Ice Form                 Ice/Tmut       14%          38%         4
 Blade Hands              Tmut           9%           61%         5


Dungeon Overview and Level Annotations

Branches:
Dungeon (15/15)            Temple (1/1) D:7            Lair (0/6) D:11
 Vaults (0/5) D:13
    Orc: D:9-12      Depths: D:15

Altars:
Ashenzari
Cheibriados
Dithmenos
Elyvilon
Fedhas
Gozag
Hepliaklqana
Kikubaaqudgha
Makhleb
Nemelex Xobeh
Okawaru
Qazlal
Ru
Sif Muna
Trog
Uskayaw
Vehumet
Wu Jian
Xom
Yredelemnul
Zin
The Shining One

Shops:
D:5 [*   D:8 =[*[*   D:11 [(

Annotations:
D:3 3 runed translucent doors, Gadfly's ghost, amateur GrFi
D:11 exclusions: obsidian statue and orange crystal statue
D:12 Rupert
D:13 Jorgrun; Maurice
D:14 Kirke


Innate Abilities, Weirdness & Mutations

((You can breathe blasts of noxious fumes.))
((Your lurid green scales are hard. (AC +8)))
You cannot fit into any form of body armour.
((Your system is resistant to poisons. (rPois)))
((You are cold-blooded and may be slowed by cold attacks.))
You are agile. (Dex +2)
Your mind is acute. (Int +2)
You are strong-willed. (Will+)


Message History

The bolt of acid hits Kirke!
Kirke is splashed with acid.
Kirke is heavily wounded.
Kirke hits you!
The sphinx casts a spell.
Something smites you!
Aiming: Corrosive Bolt
Press: ? - help, Shift-Dir - straight line, f/p - Kirke
Aim: Kirke (heavily wounded, 29% to evade)
The bolt of acid misses Kirke.
Kirke hits you.
The sphinx casts a spell.
You resist with some effort.
You feel better. The sphinx hits you! The sphinx barely misses you.
The sphinx hits you!
* * * LOW HITPOINT WARNING * * *
Kirke hits you!
* * * LOW HITPOINT WARNING * * *
Okay, then.
You feel very mighty all of a sudden. The sphinx closely misses you.
The sphinx hits you!
You die...

.........# ####
........+ .....
......# ....
#....#..†# #....#...#
#....'...+ #....#...#
+.H@.######
#.h†......#
###+#.....+
#)..+.....#
#...#.....#
#...#.....#
..##...#.....#
.......#....[# #####
.......[..[..##+##....
######+#..............


You could see Kirke and a sphinx (summoned).

Vanquished Creatures
  Josephine (D:13)
  Erolcha (D:12)
  A hydra (D:11)
  2 two-headed ogres (D:10)
  Sonja (D:11)
  3 skeletal warriors (D:11)
  An unseen horror (D:11)
  A necromancer (D:15)
  A wolf spider zombie (D:10)
  A manticore (D:11)
  An ugly thing (D:11)
  4 centaur zombies
  3 centaur skeletons (D:14)
  2 trolls (D:11)
  A hornet (D:9)
  6 wraiths
  8 yaks
  A steam dragon (D:9)
  6 hogs
  2 vampire mosquitoes (D:15)
  A soldier ant (D:11)
  Duvessa (D:5)
  A water moccasin (D:8)
  3 black bears
  2 phantoms
  5 sky beasts
  4 ice beasts
  An eye of draining (shapeshifter) (D:14)
  3 orc warriors
  An eye of draining (D:13)
  7 ogres
  12 centaurs
  A big kobold (D:11)
  6 bullfrogs
  Dowan (D:5)
  2 wyvern skeletons
  3 scorpions
  16 killer bees
  8 wights (D:10)
  A howler monkey (D:4)
  A bullfrog zombie (D:5)
  A quasit (D:9)
  7 hounds
  9 jellies
  16 orc wizards
  5 orc priests
  3 bullfrog skeletons
  6 iguanas
  15 worker ants
  A hound zombie (D:5)
  A howler monkey skeleton (D:6)
  4 gnolls
  9 adders
  2 shadow imps
  4 white imps
  An ufetubus (D:10)
  6 oozes
  An adder skeleton (D:4)
  6 worms
  2 dart slugs
  7 leopard geckos
  56 orcs
  3 ball pythons
  7 giant cockroaches
  13 goblins
  6 hobgoblins
  12 jackals
  5 quokkas
  7 bats
  7 frilled lizards
  A jackal skeleton (D:7)
  11 kobolds
  8 rats
369 creatures vanquished.

Vanquished Creatures (others)
  5 withered plants (D:15)
5 creatures vanquished.

Grand Total: 374 creatures vanquished

Notes
Turn   | Place    | Note
-------+----------+-------------------------------------------
     0 | D:1      | hawla the Draconian Conjurer began the quest for the Orb.
     0 | D:1      | Reached XP level 1. HP: 14/14 MP: 3/3
   177 | D:1      | Reached XP level 2. HP: 20/20 MP: 0/5
   450 | D:1      | Learned a level 2 spell: Searing Ray
   707 | D:1      | Reached XP level 3. HP: 26/26 MP: 1/7
  1400 | D:2      | Gained mutation: Your mind is acute. (Int +2) [potion of
                  | mutation]
  1400 | D:2      | Gained mutation: You are strong-willed. (Will+) [potion of
                  | mutation]
  1400 | D:2      | Gained mutation: You are agile. (Dex +2) [potion of
                  | mutation]
  1405 | D:2      | Found a faded altar of an unknown god.
  1659 | D:2      | Reached XP level 4. HP: 33/33 MP: 1/8
  1664 | D:2      | Learned a level 4 spell: Iskenderun's Mystic Blast
  1722 | D:2      | Found a broken altar of Ashenzari.
  2149 | D:2      | Reached skill level 5 in Conjurations
  2555 | D:2      | Reached skill level 1 in Translocations
  3077 | D:3      | Reached XP level 5. HP: 38/38 MP: 3/10
  3559 | D:3      | Found a runed translucent gate.
  3559 | D:3      | Found a runed translucent gate.
  3559 | D:3      | Found a runed translucent gate.
  3560 | D:3      | Noticed Gadfly's ghost (amateur GrFi)
  3742 | D:4      | Reached XP level 6. HP: 45/45 MP: 2/11
  4203 | D:4      | Reached skill level 1 in Throwing
  4207 | D:4      | Reached skill level 6 in Conjurations
  4384 | D:4      | Your scales start taking on a lurid green colour.
  4384 | D:4      | Reached XP level 7. HP: 50/50 MP: 8/13
  4384 | D:4      | Gained mutation: Your system is resistant to poisons.
                  | (rPois) [Green Draconian growth]
  4671 | D:4      | Reached skill level 1 in Fire Magic
  4908 | D:4      | Found a shimmering blue altar of Sif Muna.
  4968 | D:4      | Found a white marble altar of Elyvilon.
  5148 | D:5      | Entered Level 5 of the Dungeon
  5184 | D:5      | Found Naoxt's Armour Shoppe.
  5194 | D:5      | Reached skill level 5 in Spellcasting
  5399 | D:5      | Reached XP level 8. HP: 47/57 MP: 10/16
  5510 | D:5      | Noticed Dowan
  5512 | D:5      | Noticed Duvessa
  5518 | D:5      | Killed Duvessa
  5519 | D:5      | Reached skill level 7 in Conjurations
  5521 | D:5      | Killed Dowan
  5980 | D:5      | Found Sock's Assorted Antiques.
  6253 | D:5      | Found a bloodstained altar of Trog.
  6269 | D:5      | Found a shimmering blue altar of Sif Muna.
  6269 | D:5      | Found a sparkling altar of Nemelex Xobeh.
  6272 | D:5      | Found a radiant altar of Vehumet.
  6272 | D:5      | Found a sparkling altar of Nemelex Xobeh.
  6272 | D:5      | Found a shimmering altar of Xom.
  6416 | D:4      | Got a slimy hunting sling
  6417 | D:4      | Identified the +7 hunting sling of the Four Thickets
                  | {venom, rC+} (You found it on level 4 of the Dungeon)
  7154 | D:6      | Reached skill level 8 in Conjurations
  7224 | D:6      | Reached skill level 5 in Fire Magic
  7258 | D:6      | Found a glowing golden altar of the Shining One.
  7258 | D:6      | Found an opulent altar of Gozag.
  7363 | D:6      | Found an ancient bone altar of Kikubaaqudgha.
  7603 | D:7      | Reached XP level 9. HP: 47/62 MP: 10/18
  7811 | D:7      | Found a staircase to the Ecumenical Temple.
  7820 | D:7      | Reached skill level 9 in Conjurations
  7827 | Temple   | Entered the Ecumenical Temple
  8065 | Temple   | Became a worshipper of Vehumet
  8333 | D:7      | Found a bloodstained altar of Trog.
  9475 | D:8      | Learned a level 3 spell: Spider Form
  9593 | D:8      | Reached * piety under Vehumet
  9593 | D:8      | Offered knowledge of Sandblast by Vehumet.
  9595 | D:8      | Reached skill level 1 in Transmutations
  9595 | D:8      | Reached skill level 1 in Poison Magic
  9884 | D:8      | Found Yvaaptos's Jewellery Emporium.
  9890 | D:8      | Found Idyvao's Armour Shop.
  9919 | D:8      | Found Xeorphaess's Antique Armour Boutique.
 10159 | D:8      | Reached skill level 10 in Conjurations
 10269 | D:8      | Reached XP level 10. HP: 69/69 MP: 7/19
 10459 | D:8      | Found Mosh's Assorted Antiques.
 10514 | D:8      | Found Imidd's Assorted Antiques.
 10654 | D:8      | Found an ornate altar of the Wu Jian Council.
 10719 | D:9      | Identified 2 scrolls of acquirement
 10719 | D:9      | Acquired the +2 pair of gloves of Yddotzimm {rPois rCorr
                  | Dex+2}
 10726 | D:9      | Acquired a +2 buckler of protection
 10757 | D:9      | Found a basalt altar of Yredelemnul.
 10782 | D:9      | Found a radiant altar of Vehumet.
 11188 | D:5      | Bought a leatherbound book for 420 gold pieces
 11343 | D:9      | Learned a level 4 spell: Dispel Undead
 11422 | D:9      | Found a shadowy altar of Dithmenos.
 11430 | D:9      | Reached skill level 1 in Shields
 11763 | D:9      | Reached skill level 1 in Necromancy
 11931 | D:9      | Offered knowledge of Foxfire by Vehumet.
 12476 | D:10     | Entered Level 10 of the Dungeon
 12479 | D:10     | Noticed a two-headed ogre
 12480 | D:10     | Reached ** piety under Vehumet
 13373 | D:10     | Noticed a two-headed ogre
 13385 | D:10     | Killed a two-headed ogre
 13386 | D:10     | Reached skill level 11 in Conjurations
 13402 | D:10     | Killed a two-headed ogre
 13403 | D:10     | Reached XP level 11. HP: 74/74 MP: 18/20
 13584 | D:10     | Offered knowledge of Frozen Ramparts by Vehumet.
 13945 | D:5      | Bought a vibrating brass ring for 140 gold pieces
 13945 | D:5      | Bought a scroll of identify for 56 gold pieces
 13946 | D:5      | Identified the ring "Fyriqan" {rPois EV+4 Stlth+} (You
                  | bought it in a shop on level 5 of the Dungeon)
 14066 | D:11     | Noticed an obsidian statue
 14066 | D:11     | Noticed an orange crystal statue
 14073 | D:11     | Noticed a cyan ugly thing
 14077 | D:11     | Noticed a skeletal warrior
 14118 | D:11     | Noticed a skeletal warrior
 14122 | D:11     | Killed a skeletal warrior
 14130 | D:11     | Killed a skeletal warrior
 14130 | D:11     | Reached *** piety under Vehumet
 14131 | D:11     | Reached skill level 10 in Fire Magic
 14470 | D:11     | Noticed a skeletal warrior
 14477 | D:11     | Killed a skeletal warrior
 14478 | D:11     | Reached skill level 12 in Conjurations
 14793 | D:11     | Noticed a green ugly thing
 14805 | D:11     | Killed a green ugly thing
 14878 | D:11     | Killed an unseen horror
 14958 | D:11     | Found Seicaf's Weapon Shoppe.
 15057 | D:11     | Noticed Sonja
 15063 | D:11     | Killed Sonja
 15126 | D:11     | Found Ymeyr's Armour Emporium.
 15256 | D:11     | Noticed a six-headed hydra
 15261 | D:11     | Killed a six-headed hydra
 15262 | D:11     | Reached skill level 1 in Evocations
 15266 | D:11     | Found a staircase to the Lair.
 15455 | D:12     | Noticed Erolcha
 15466 | D:12     | Killed Erolcha
 15467 | D:12     | Reached XP level 12. HP: 74/81 MP: 10/21
 15554 | D:12     | Offered knowledge of Sticky Flame by Vehumet.
 15586 | D:12     | Noticed Rupert
 15594 | D:13     | Found a gate to the Vaults.
 15594 | D:13     | Noticed Maurice
 15601 | D:13     | Noticed Josephine
 15602 | D:13     | Noticed Jorgrun
 15602 | D:13     | You fall into a shaft and drop 2 floors!
 15602 | D:15     | Entered Level 15 of the Dungeon
 15643 | D:15     | Noticed a seven-headed hydra
 16016 | D:14     | Reached skill level 13 in Conjurations
 16028 | D:14     | Reached **** piety under Vehumet
 16162 | D:13     | Noticed Kirke
 16165 | D:13     | Killed Josephine
 16174 | D:14     | Offered knowledge of Conjure Flame by Vehumet.
 16267 | D:14     | Noticed a sphinx
 16274 | D:14     | Slain by a sphinx

Illustrated notes

Levels and vault maps discovered:
D:1:      dpeg_arrival_rooms_b, layout_loops_cross
D:2:      minmay_alternating_diamond, layout_basic,
          nicolae_overflow_crystal_walls, chequers_ecumenical_altar_island
D:3:      layout_basic, gammafunk_ghost_nasty_kobolds
D:4:      layout_loops_ring, elyvilon_altar_1, general_overflow_altar
D:5:      layout_basic, serial_shops, nicolae_shop_behind_doors,
          nicolae_shop_crystal, st_stairs_3, grunt_decor_one_mirror,
          doesnt_xom_only_xom, uniq_duvessa
D:6:      wander_river, layout_loops_ring, lemuel_coloured_pillars_altar,
          gammafunk_temple_overflow_pools
D:7:      layout_loops_ring, nicolae_overflow_hidden_temple, temple_pool_b
D:8:      layout_cave_pools, nzn_wu_jian_contemplation, serial_shops, shop,
          shop_fountains, nicolae_shop_behind_doors,
          nicolae_shop_competitors_out_of_business, shop, minivault_11,
          hangedman_little_slice_of_home
D:9:      layout_long_grid, lemuel_round_altar, nicolae_dithmenos_shadow_blocks,
          amcnicky_altar_gilded
D:10:     layout_rooms
D:11:     layout_loops_ring, lair_entry_dummy, serial_shops,
          nicolae_shop_behind_doors, shop, st_stairs_8, david_greed, uniq_sonja
D:12:     layout_cave_pods, hiddenorc2_lemuel, nicolae_gozag_zags_fifth_avenue,
          uniq_rupert, uniq_erolcha
D:13:     layout_big_octagon, guppyfry_shop_earth, uniq_jorgrun, uniq_maurice,
          uniq_josephine, uniq_kirke
D:14:     layout_gridville, minmay_misc_feat_enclosed, nicolae_good_shop
D:15:     gammafunk_depths_entry_grave, layout_basic
Temple:   minmay_temple_bridge_abc

Skill      XL: |  1  2  3  4  5  6  7  8  9 10 11 12 |
---------------+-------------------------------------+-----
Spellcasting   | 3 4 5 6 7 |  7.5
Conjurations   | 5 6 8 10 11 12 13 | 13.3
Translocations | 1 2 3 |  3.2
Throwing       | 1 |  1.0
Fire Magic     | 2 5 7 9 11 12 | 12.0
Transmutations | 1 |  1.9
Poison Magic   | 2 |  2.3
Shields        | 4 |  4.0
Necromancy     | 4 |  4.2
Evocations     | 1 |  1.0
Dodging        | |  1.7
Stealth        | |  1.7

Action                   |  1- 3 |  4- 6 |  7- 9 | 10-12 || total
-------------------------+-------+-------+-------+-------++-------
Melee: Unarmed           |    67 |    42 |    22 |    20 ||   151
       Tailslap          |     5 |     4 |     1 |    13 ||    23
       Dagger            |       |       |    27 |   105 ||   132
Throw: Dart              |       |     6 |       |       ||     6
 Cast: Magic Dart        |    47 |    20 |    30 |    26 ||   123
       Searing Ray       |    13 |    53 |    76 |    80 ||   222
       Iskenderun's Myst |       |     1 |    14 |    73 ||    88
       Spider Form       |       |       |     2 |     2 ||     4
       Dispel Undead     |       |       |       |    26 ||    26
Evoke: Wand              |       |       |       |     8 ||     8
  Use: Scroll            |     4 |     4 |     6 |    14 ||    28
       Potion            |     1 |     1 |       |    20 ||    22
 Stab: Sleeping          |       |       |       |     1 ||     1
Armor: Skin              |    33 |    21 |    26 |   114 ||   194
Dodge: Dodged            |    61 |    66 |   138 |   184 ||   449
Block: Buckler           |       |       |       |   110 ||   110
